 Dungeon Crawl Stone Soup version 0.24-a0-203-gf0bc1e9 (webtiles) character file.

Game seed: 8811439694873220614

868 Inarius the Distorting Demonspawn (level 7, -6/54 HPs)
             Began as a Demonspawn Abyssal Knight on Mar 27, 2019.
             Was a Believer of Lugonu.
             Mangled by Grinder (7 damage)
             ... on level 4 of the Dungeon.
             The game lasted 00:10:13 (4773 turns).

Inarius the Distorting Demonspawn (DsAK)            Turns: 4773, Time: 00:10:14

Health: -6/54      AC: 11    Str: 14    XL:     7   Next: 73%
Magic:  0/11       EV:  4    Int: 14    God:    Lugonu [**....]
Gold:   143        SH: 16    Dex: 12    Spells: 6/6 levels left

rFire    + . .     SeeInvis .   a - +1 hand axe
rCold    + . .     Gourm    .   h - +2 shield {reflect}
rNeg     . . .     Faith    .   q - +0 chain mail
rPois    +         Spirit   +   m - +0 helmet
rElec    +         Reflect  +   (no cloak)
rCorr    +         Harm     .   b - +0 pair of gloves
MR       .....                  (no boots)
Stlth    ..........             (no amulet)
HPRegen  0.18/turn              j - ring of poison resistance
MPRegen  0.12/turn              (no ring)

@: resistant, flying
A: large bone plates 2, magic shield
a: Depart the Abyss, Bend Space, Renounce Religion


You were on level 4 of the Dungeon.
You worshipped Lugonu.
Lugonu was pleased with you.
You were not hungry.

You visited 1 branch of the dungeon, and saw 5 of its levels.
You visited the Abyss 1 time.

You collected 143 gold pieces.

Inventory:

Hand Weapons
 a - a +1 hand axe (weapon)
Armour
 b - a +0 pair of gloves (worn)
 d - a +0 ring mail
 g - a +0 plate armour
 h - a +2 shield of reflection (worn)
 m - a +0 helmet (worn)
 q - a +0 chain mail (worn)
Jewellery
 j - a ring of poison resistance (left hand)
Wands
 t - a wand of random effects (40)
Scrolls
 e - a scroll of remove curse {unknown}
 f - 3 scrolls of teleportation {unknown}
 i - 2 scrolls of random uselessness {unknown}
 l - a scroll of identify {unknown}
 o - a scroll of enchant armour {unknown}
 u - a scroll of fear {unknown}
Potions
 k - a potion of flight
 r - a potion of brilliance {unknown}
Comestibles
 c - 6 rations
 s - 7 chunks of flesh


   Skills:
 + Level 4.0 Fighting
 * Level 4.6 Axes
 + Level 0.5 Throwing
 * Level 3.7 Armour
 - Level 1.0 Dodging
 - Level 0.3 Stealth
 + Level 3.2 Shields
 * Level 5.3 Invocations
 + Level 0.5 Evocations


You had 6 spell levels left.
You didn't know any spells.
Your spell library was empty.

Dungeon Overview and Level Annotations

Branches:
Dungeon (5/15)
 Temple: D:4-7

Altars:
Gozag
Qazlal
The Shining One

Annotations:
D:4 Grinder


Innate Abilities, Weirdness & Mutations

You are mostly covered in large bone plates. (SH +6)
When hurt, damage is shared between your health and your magic reserves.


Message History

* * * LOW HITPOINT WARNING * * *
Some of the chunks of flesh in your inventory have rotted away.
It was a potion of resistance.
You feel protected. Grinder hits you.
* * * LOW HITPOINT WARNING * * *
You writhe in agony.
* * * LOW HITPOINT WARNING * * *
Unknown command.
You hit Grinder but do no damage.
Grinder is severely wounded.
Grinder hits you.
* * * LOW HITPOINT WARNING * * *
Okay, then.
Unknown command.
Okay, then.
You closely miss Grinder.
Grinder is severely wounded.
Grinder hits you!
You die...

############.......####
.......................
########................
#..................#.#..
#.$#.#####....#...##.#..
#..#.# #.#####.###....
#..#.# ###.# #.###.##.
#..#.###>#.# #.#......
#.5#..5@...# #.#.###>.
...#####.#.# #...###รท.
##. #.#.#######.....#
##.#.##...........
#.####.......#####...##
#.........#### ##.##
######.### #.# #.#
########.#
#.####........#


You could see Grinder.

Vanquished Creatures
  Pikel (D:5)
  A centaur (D:5)
  A howler monkey (D:5)
  A quasit (D:5)
  An orc priest (D:3)
  A worker ant (D:4)
  An orc wizard (D:3)
  A hound skeleton (D:4)
  Robin (D:2)
  3 gnolls
  7 adders
  2 worms
  A leopard gecko (D:1)
  3 orcs (D:3)
  8 bats
  4 giant cockroaches
  16 goblins
  11 hobgoblins
  2 jackals (D:1)
  8 kobolds
  A quokka (D:2)
  3 ball pythons
  6 frilled lizards
  A leopard gecko skeleton (D:5)
  A rat (D:1)
86 creatures vanquished.

Vanquished Creatures (others)
  A gnoll (D:2)
1 creature vanquished.

Grand Total: 87 creatures vanquished

Notes
Turn   | Place    | Note
-------+----------+-------------------------------------------
     0 | Abyss:1  | Inarius the Demonspawn Abyssal Knight began the quest for
                  | the Orb.
     0 | Abyss:1  | Reached XP level 1. HP: 18/18 MP: 2/2
    15 | D:1      | Escaped the Abyss
   232 | D:1      | Gained mutation: You are partially covered in large bone
                  | plates. (SH +4) [demonic ancestry]
   232 | D:1      | Reached XP level 2. HP: 17/24 MP: 3/3
   439 | D:1      | Reached skill level 3 in Invocations
   904 | D:1      | Reached ** piety under Lugonu
  1209 | D:2      | Reached XP level 3. HP: 19/29 MP: 5/5
  1668 | D:1      | Reached skill level 1 in Dodging
  2353 | D:2      | Gained mutation: You are mostly covered in large bone
                  | plates. (SH +6) [demonic ancestry]
  2353 | D:2      | Reached XP level 4. HP: 34/35 MP: 6/6
  2750 | D:2      | Reached skill level 1 in Shields
  2915 | D:2      | Noticed Robin
  3299 | D:2      | Killed Robin
  3299 | D:2      | Gained mutation: When hurt, damage is shared between your
                  | health and your magic reserves. [demonic ancestry]
  3299 | D:2      | Reached XP level 5. HP: 27/41 MP: 7/7
  3450 | D:3      | Found a stormy altar of Qazlal.
  3522 | D:3      | Found a glowing golden altar of the Shining One.
  3874 | D:3      | Reached skill level 4 in Invocations
  4183 | D:3      | Found an opulent altar of Gozag.
  4560 | D:4      | Reached XP level 6. HP: 48/48 MP: 7/9
  4660 | D:4      | Noticed Grinder
  4671 | D:5      | Entered Level 5 of the Dungeon
  4715 | D:5      | Noticed Pikel
  4721 | D:5      | Noticed a slave
  4725 | D:5      | Noticed a slave
  4729 | D:5      | Killed Pikel
  4729 | D:5      | Reached skill level 5 in Invocations
  4729 | D:5      | Reached XP level 7. HP: 46/54 MP: 8/11
  4764 | D:4      | Paralysed by Grinder for 4 turns
  4772 | D:4      | HP: 1/54 [Grinder (2)]
  4773 | D:4      | Mangled by Grinder

Levels and vault maps discovered:
D:1:      dpeg_arrival_rooms_with_view, layout_basic,
          minmay_misc_feat_diagonals, chequers_serial_rivers_micro_c
D:2:      layout_loops_ring, minmay_misc_feat_iff, uniq_robin
D:3:      layout_basic, grunt_gozag_statues, nicolae_tso_carved_into_rock,
          lemuel_doored_altar
D:4:      layout_loops_ring, first_ration, lemuel_statue_altar, uniq_grinder
D:5:      layout_basic, tgw_sif, minmay_temple_entry_large_hall, uniq_pikel
Abyss:1:  hangedman_abyss_feature_spike

Skill      XL: |  1  2  3  4  5  6 |
---------------+-------------------+-----
Invocations    | 3 4 5 |  5.3
Armour         | 2 3 |  3.7
Axes           | 2 3 4 |  4.6
Dodging        | 1 |  1.0
Shields        | 1 3 |  3.2
Fighting       | 4 |  4.0
Throwing       | |  0.5
Stealth        | |  0.3
Evocations     | |  0.5

Action                   |  1- 3 |  4- 6 |  7- 9 || total
-------------------------+-------+-------+-------++-------
Melee: Hand axe          |   115 |   289 |    11 ||   415
Throw: Stone             |     4 |       |       ||     4
Evoke: Wand              |       |     4 |       ||     4
  Use: Potion            |     3 |     1 |     2 ||     6
  Eat: Chunk             |     5 |     8 |       ||    13
Armor: Leather armour    |    24 |       |       ||    24
       Ring mail         |    15 |    53 |       ||    68
       Chain mail        |       |    90 |     3 ||    93
Dodge: Dodged            |    50 |    43 |     1 ||    94
Block: Shield            |    83 |   254 |     3 ||   340
       Other             |     5 |       |       ||     5
       Reflection        |    15 |     3 |       ||    18

Table legend:
 A = Non-vault XP
 B = Vault XP
 C = Vault XP percentage of total XP
 D = Non-vault monster count
 E = Vault monster count
 F = Vault count percentage of total count
                 A         B        C        D         E       F
            +---------+---------+-------+---------+---------+-------
      Total |     594 |     647 |  52.1 |      71 |      16 |  18.4
            +---------+---------+-------+---------+---------+-------
        D:1 |      64 |       2 |   3.0 |      24 |       2 |   7.7
        D:2 |      93 |      38 |  29.0 |      18 |      13 |  41.9
        D:3 |     121 |       0 |   0.0 |      19 |       0 |   0.0
        D:4 |      87 |       0 |   0.0 |       5 |       0 |   0.0
        D:5 |     229 |     607 |  72.6 |       5 |       1 |  16.7
            +---------+---------+-------+---------+---------+-------
